 Dungeon Crawl Stone Soup version 0.26.1-11-gd32895ea62 (webtiles) character file.

Game seed: 6556044897851150193

304 solopath the Digger (level 6, -5/41 HPs)
             Began as a Formicid Earth Elementalist on May 9, 2021.
             Was an Initiate of Dithmenos.
             Slain by Duvessa
             ... wielding a +0 rapier
              (11 damage)
             ... on level 5 of the Dungeon.
             The game lasted 00:05:01 (4296 turns).

solopath the Digger (Formicid Earth Elementalist)   Turns: 4296, Time: 00:05:02

Health: -5/41      AC:  4    Str: 11 (13) XL:     6   Next: 66%
Magic:  5/9        EV: 12    Int: 14 (16) God:    Dithmenos [......]
Gold:   263        SH:  0    Dex: 11      Spells: 2/9 levels left

rFire    . . .     SeeInvis +   e - +0 short sword
rCold    . . .     Faith    .   (no shield)
rNeg     . . .     Spirit   .   c - +0 robe
rPois    .         Reflect  .   (helmet unavailable)
rElec    .         Harm     .   p - +0 cloak
rCorr    .         Rampage  .   q - +0 pair of gloves
Will     .....                  (no boots)
Stlth    +++.......             (no amulet)
HPRegen  0.13/turn              (no ring)
MPRegen  0.11/turn              (no ring)

@: no status effects
A: permanent stasis, dig shafts and tunnels, four strong arms, antennae 3
a: Dig, Shaft Self, Renounce Religion


You were on level 5 of the Dungeon.
You worshipped Dithmenos.
Dithmenos was noncommittal.
You visited 1 branch of the dungeon, and saw 5 of its levels.

You collected 263 gold pieces.

Inventory:

Hand Weapons
 e - a +0 short sword (weapon)
Missiles
 b - 120 stones
Armour
 c - a +0 robe (worn)
 p - a +0 cloak (worn)
 q - a +0 pair of gloves (worn)
Wands
 s - a wand of digging (7)
Scrolls
 g - a scroll of enchant weapon {unknown}
 h - a scroll of immolation {unknown}
 i - 5 scrolls of remove curse {unknown}
 j - 2 scrolls of amnesia {unknown}
 k - a scroll of fear {unknown}
 l - 2 scrolls of identify {unknown}
 n - a scroll of blinking {unknown}
 t - a scroll of enchant armour {unknown}
Potions
 a - a potion of brilliance {unknown}
 d - a potion of heal wounds {unknown}
 f - a potion of degeneration
 o - a potion of attraction {unknown}
 r - a potion of flight {unknown}
 u - a potion of invisibility {unknown}


   Skills:
 - Level 1.7 Dodging
 + Level 4.6 Stealth
 + Level 2.3 Spellcasting
 - Level 3.2 Transmutations
 * Level 6.5 Earth Magic


You had 2 spell levels left.
You knew the following spells:

 Your Spells              Type           Power        Failure   Level
a - Sandblast             Erth           38%          1%          1
b - Passwall              Tmut/Erth      12%          4%          2
c - Petrify               Tmut/Erth      15%          30%         4

Your spell library contained the following spells:

 Spells                   Type           Power        Failure   Level
 Stone Arrow              Conj/Erth      20%          19%         3
 Lee's Rapid Deconstruct  Erth           9%           41%         5


Dungeon Overview and Level Annotations

Branches:
Dungeon (5/15)
 Temple: D:4-7

Altars:
Cheibriados
Dithmenos
Elyvilon
Hepliaklqana
Nemelex Xobeh
Okawaru
Ru
Trog
Uskayaw
Yredelemnul

Annotations:
D:5 Dowan, Duvessa


Innate Abilities, Weirdness & Mutations

You cannot be hasted, slowed, berserked, paralysed or teleported.
You can dig through walls and to a lower floor.
Your four strong arms can wield two-handed weapons with a shield.
You have a pair of large antennae on your head. (SInv)


Message History

Duvessa hits you with a +0 rapier.
* * * LOW HITPOINT WARNING * * *
Casting: Sandblast (safe; 1% risk of failure)
Confirm with . or Enter, or press ? or * to list all spells.
Aiming: Sandblast (safe; 1% risk of failure)
Press: ? - help, Shift-Dir - straight line, f/p - Duvessa
Aim: Duvessa, wielding a +0 rapier and wearing a +1 ring mail of willpower (moderately wounded, 15% to evade)
The blast of sand hits Duvessa but does no damage.
Duvessa is moderately wounded.
Duvessa hits you with a +0 rapier.
* * * LOW HITPOINT WARNING * * *
Casting: Sandblast (safe; 1% risk of failure)
Confirm with . or Enter, or press ? or * to list all spells.
Aiming: Sandblast (safe; 1% risk of failure)
Press: ? - help, Shift-Dir - straight line, f/p - Duvessa
Aim: Duvessa, wielding a +0 rapier and wearing a +1 ring mail of willpower (moderately wounded, 15% to evade)
The blast of sand misses Duvessa.
Dowan, Brother of Duvessa comes into view.
He is wielding a +0 dagger.
Duvessa hits you with a +0 rapier!
You die...

##### ### #...# ###.## #...#
#....# #...#####....#
#.....##..<..#
######.....#......##
..##............e..###
..........##....@....#
..##.......#.........##
..#####...............# ...##
##.............[# #...#
###.........####
#...#######.........#.##
.....#...#.............#
#........e...###.......# .##
.......#.#....###......###....


You could see Duvessa and Dowan.

Vanquished Creatures
  A centaur zombie (D:5)
  Crazy Yiuf (D:3)
  A bullfrog skeleton (D:4)
  3 iguanas (D:4)
  An orc wizard (D:4)
  A worker ant (D:4)
  2 adders (D:3)
  2 ufetubi (D:4)
  An ooze (D:4)
  3 dart slugs
  2 leopard geckos (D:3)
  3 orcs (D:4)
  A ball python (D:4)
  6 giant cockroaches
  3 goblins
  3 hobgoblins
  2 jackals (D:3)
  2 quokkas
  2 bats
  7 frilled lizards
  4 kobolds
  5 rats
56 creatures vanquished.

Notes
Turn   | Place    | Note
-------+----------+-------------------------------------------
     0 | D:1      | solopath the Formicid Earth Elementalist began the quest
                  | for the Orb.
     0 | D:1      | Reached XP level 1. HP: 13/13 MP: 3/3
    97 | D:1      | Reached XP level 2. HP: 19/19 MP: 0/5
   166 | D:1      | Reached skill level 4 in Earth Magic
   313 | D:1      | You fall into a shaft and drop 1 floor!
   727 | D:2      | Reached XP level 3. HP: 24/24 MP: 6/6
   777 | D:2      | Found a sacrificial altar of Ru.
   948 | D:2      | Found a sparkling altar of Nemelex Xobeh.
  1013 | D:2      | Found a white marble altar of Elyvilon.
  1677 | D:3      | Found a hide-covered altar of Uskayaw.
  1705 | D:3      | Found a bloodstained altar of Trog.
  1742 | D:3      | Found a hazy altar of Hepliaklqana.
  2165 | D:3      | Reached XP level 4. HP: 30/30 MP: 7/7
  2225 | D:3      | Found a runed translucent door.
  2226 | D:3      | Noticed Crazy Yiuf
  2232 | D:3      | Killed Crazy Yiuf
  2233 | D:3      | Reached skill level 5 in Earth Magic
  2914 | D:4      | Reached XP level 5. HP: 23/35 MP: 4/8
  3382 | D:4      | Reached XP level 6. HP: 24/41 MP: 3/9
  3408 | D:4      | Reached skill level 6 in Earth Magic
  3735 | D:4      | Found a basalt altar of Yredelemnul.
  3735 | D:4      | Found a shadowy altar of Dithmenos.
  3741 | D:4      | Became a worshipper of Dithmenos the Shadowed
  3894 | D:4      | Found an iron altar of Okawaru.
  3894 | D:4      | Found a snail-covered altar of Cheibriados.
  3955 | D:5      | Entered Level 5 of the Dungeon
  3959 | D:5      | Learned a level 2 spell: Passwall
  3964 | D:5      | Learned a level 4 spell: Petrify
  4068 | D:5      | Noticed Duvessa
  4296 | D:5      | Noticed Dowan
  4296 | D:5      | Slain by Duvessa

Illustrated notes

Levels and vault maps discovered:
D:1:      psy_arrival_statuary, layout_basic, corexii_item_surrounded_by_moat,
          minmay_tromino_v4_c
D:2:      layout_basic, nemelex_altar_shiori, nicolae_ru_awakened_eye,
          elyvilon_altar_1
D:3:      layout_loops_ring, marbit_many_paths, nzn_hepliaklqana_mist_gate,
          trog_book, uniq_crazy_yiuf_cottage
D:4:      layout_basic, gammafunk_temple_overflow_wave,
          gammafunk_temple_overflow_statue, minmay_misc_feat_five
D:5:      layout_cave_pools, lemuel_doored_altar, uniq_duvessa,
          uniq_blork_the_orc

Skill      XL: |  1  2  3  4  5  6 |
---------------+-------------------+-----
Earth Magic    | 4 5 6 |  6.5
Stealth        | 3 4 |  4.6
Transmutations | 2 3 |  3.2
Dodging        | |  1.7
Spellcasting   | |  2.3

Action                   |  1- 3 |  4- 6 || total
-------------------------+-------+-------++-------
Melee: Unarmed           |    10 |       ||    10
       Short sword       |    61 |    71 ||   132
 Cast: Sandblast         |    21 |    49 ||    70
  Use: Potion            |       |     4 ||     4
 Stab: Sleeping          |     4 |     4 ||     8
Armor: Robe              |    13 |    21 ||    34
Dodge: Dodged            |    63 |    88 ||   151
